[ AOE2 MATCH · #513705597 ]
UnrankedJurchens vs Persians
Player's team · WIN
Rival team · LOSS
[ REPLAY ANALYSIS · EXTRACTED FROM THE RECORDED GAME ]
Feudal
10:26
Castle
23:54
Imperial
44:10
| APM avg | 60.0 |
| APM peak | 109 |
| eAPM avg | 31.3 |
| Villagers / military | 136 / 131 |
Focus
⚔️ 48.4% · 🌾 51.6%
Archer ×56 · Cavalry Archer ×29 · Scout Cavalry ×16 · Monk ×6 · Militia ×6 · Iron Pagoda ×6
Feudal
9:58
Castle
19:22
Imperial
48:08
| APM avg | 34.8 |
| APM peak | 86 |
| eAPM avg | 24.3 |
| Villagers / military | 127 / 27 |
Focus
⚔️ 44.0% · 🌾 56.0%
Mangonel ×14 · Monk ×8 · Battering Ram ×4 · Trade Cart ×1 · Trebuchet (Packed) ×1
Match map
Initial resources + every placement click. Lines = walls · curves = elevation contours. ◆ gold · ⬟ stone · ● berries · ✦ relic · ◌ wall gap
Your base· Open — 6t gap
koljasch's base· Open — unwalled flank
Smoothed initial terrain · ◌ = detected wall gap · hover for details
Inputs per minute
— Marta - - koljasch
Build order — Marta
First 150 of 440 actions detected
| 0:01 | Queue | Villager (Male) ×4 |
| 0:02 | Build | House |
| 0:03 | Build | House |
| 1:28 | Queue | Villager (Male) |
| 1:29 | Queue | Villager (Male) |
| 1:39 | Queue | Villager (Male) |
| 1:39 | Queue | Villager (Male) |
| 2:02 | Build | Lumber Camp |
| 2:15 | Queue | Villager (Male) |
| 2:16 | Queue | Villager (Male) |
| 2:57 | Queue | Villager (Male) |
| 3:10 | Research | Loom |
| 3:26 | Queue | Villager (Male) |
| 3:36 | Build | House |
| 4:12 | Build | Mill |
| 4:38 | Queue | Villager (Male) |
| 4:38 | Queue | Villager (Male) |
| 5:07 | Queue | Villager (Male) |
| 5:07 | Queue | Villager (Male) |
| 5:30 | Queue | Villager (Male) |
| 5:30 | Queue | Villager (Male) |
| 5:36 | Build | House |
| 6:07 | Queue | Villager (Male) |
| 6:08 | Queue | Villager (Male) |
| 6:08 | Queue | Villager (Male) |
| 6:11 | Queue | Villager (Male) |
| 6:12 | Queue | Villager (Male) |
| 6:51 | Build | Barracks |
| 7:13 | Queue | Villager (Male) |
| 7:13 | Queue | Villager (Male) |
| 7:35 | Build | House |
| 8:16 | Research | Feudal Age |
| 8:16 | Research | Feudal Age |
| 8:34 | Queue | Militia |
| 8:35 | Queue | Militia |
| 8:44 | Build | Mining Camp |
| 8:57 | Queue | Militia |
| 8:58 | Queue | Militia |
| 9:24 | Build | Mill |
| 9:35 | Queue | Militia |
| 9:35 | Queue | Militia |
| 9:58 | Build | Farm |
| 10:11 | Build | House |
| 10:26 | Age | Feudal Age |
| 10:32 | Research | Man-at-Arms (upgrade) |
| 10:33 | Research | Man-at-Arms (upgrade) |
| 10:44 | Queue | Villager (Male) |
| 10:53 | Queue | Villager (Male) |
| 11:14 | Queue | Villager (Male) |
| 11:33 | Queue | Villager (Male) |
| 11:59 | Queue | Villager (Male) |
| 12:04 | Build | Archery Range |
| 12:52 | Build | Farm |
| 12:53 | Build | Farm |
| 12:59 | Build | Farm |
| 13:02 | Build | Farm |
| 13:03 | Queue | Archer |
| 13:04 | Queue | Villager (Male) |
| 13:11 | Build | Farm |
| 13:18 | Build | Farm |
| 13:20 | Build | Farm |
| 13:25 | Queue | Villager (Male) |
| 13:26 | Queue | Archer |
| 13:42 | Build | House |
| 13:59 | Build | House |
| 14:01 | Build | House |
| 14:07 | Queue | Archer |
| 14:09 | Queue | Villager (Male) |
| 14:09 | Queue | Villager (Male) |
| 14:26 | Research | Double-Bit Axe |
| 14:26 | Research | Double-Bit Axe |
| 15:04 | Queue | Villager (Male) |
| 15:07 | Queue | Archer |
| 15:11 | Build | Stable |
| 15:28 | Build | Farm |
| 15:28 | Build | Farm |
| 15:41 | Queue | Villager (Male) |
| 15:46 | Build | Blacksmith |
| 15:58 | Queue | Archer |
| 16:11 | Queue | Villager (Male) |
| 16:13 | Queue | Archer |
| 16:28 | Queue | Villager (Male) |
| 16:30 | Queue | Archer |
| 16:56 | Queue | Villager (Male) |
| 17:00 | Build | House |
| 17:02 | Queue | Archer |
| 17:15 | Research | Padded Archer Armor |
| 17:18 | Research | Fletching |
| 17:18 | Research | Fletching |
| 17:21 | Queue | Archer |
| 17:21 | Queue | Archer |
| 17:30 | Build | House |
| 17:31 | Build | House |
| 17:46 | Queue | Archer |
| 17:53 | Queue | Villager (Male) |
| 17:59 | Queue | Archer |
| 18:02 | Queue | Villager (Male) |
| 18:07 | Build | House |
| 18:12 | Queue | Archer |
| 18:14 | Queue | Villager (Male) |
| 18:31 | Queue | Villager (Male) |
| 18:39 | Build | Market |
| 18:43 | Build | Mill |
| 18:43 | Build | Farm |
| 18:44 | Build | Farm |
| 18:44 | Build | Farm |
| 18:44 | Build | Farm |
| 18:51 | Queue | Archer |
| 19:19 | Queue | Archer |
| 19:33 | Queue | Villager (Male) |
| 19:40 | Build | Farm |
| 19:41 | Build | Farm |
| 19:45 | Queue | Villager (Male) |
| 19:55 | Queue | Villager (Male) |
| 20:06 | Build | Farm |
| 20:06 | Build | Farm |
| 20:07 | Build | Farm |
| 20:08 | Build | Farm |
| 20:08 | Build | Farm |
| 20:15 | Build | Farm |
| 21:14 | Research | Castle Age |
| 21:14 | Research | Castle Age |
| 21:27 | Queue | Archer |
| 21:43 | Build | Farm |
| 22:44 | Queue | Archer |
| 23:05 | Build | Archery Range |
| 23:11 | Research | Padded Archer Armor |
| 23:11 | Research | Padded Archer Armor |
| 23:18 | Research | Horse Collar |
| 23:18 | Research | Horse Collar |
| 23:19 | Research | Gold Mining |
| 23:20 | Research | Gold Mining |
| 23:26 | Queue | Archer |
| 23:54 | Age | Castle Age |
| 23:58 | Research | Crossbowman (upgrade) |
| 24:06 | Build | Siege Workshop |
| 24:15 | Research | Bodkin Arrow |
| 24:15 | Research | Bodkin Arrow |
| 24:17 | Queue | Villager (Male) |
| 24:18 | Queue | Archer |
| 24:18 | Queue | Archer |
| 24:47 | Queue | Villager (Male) |
| 24:48 | Queue | Archer |
| 24:49 | Queue | Archer |
| 25:08 | Queue | Battering Ram |
| 25:09 | Queue | Battering Ram |
| 25:27 | Queue | Iron Pagoda |
| 25:45 | Queue | Villager (Male) |
| 25:45 | Queue | Villager (Male) |
| 25:54 | Build | Outpost |
Build order — koljasch
First 150 of 292 actions detected
| 0:01 | Queue | Villager (Male) |
| 0:01 | Queue | Villager (Male) |
| 0:01 | Queue | Villager (Male) |
| 0:02 | Queue | Villager (Male) |
| 0:03 | Build | House |
| 0:05 | Build | House |
| 0:19 | Queue | Villager (Male) |
| 0:19 | Queue | Villager (Male) |
| 1:21 | Queue | Villager (Male) |
| 1:22 | Queue | Villager (Male) |
| 1:39 | Research | Loom |
| 1:40 | Queue | Villager (Male) |
| 1:40 | Queue | Villager (Male) |
| 2:04 | Queue | Villager (Male) |
| 2:20 | Build | Palisade Wall |
| 2:21 | Build | Palisade Wall |
| 2:30 | Build | Palisade Wall |
| 2:34 | Build | Palisade Wall |
| 2:37 | Build | Palisade Wall |
| 2:42 | Queue | Villager (Male) |
| 2:43 | Queue | Villager (Male) |
| 3:28 | Queue | Villager (Male) |
| 3:29 | Queue | Villager (Male) |
| 3:29 | Queue | Villager (Male) |
| 3:29 | Queue | Villager (Male) |
| 3:42 | Queue | Villager (Male) |
| 3:42 | Queue | Villager (Male) |
| 4:03 | Queue | Villager (Male) |
| 4:09 | Queue | Villager (Male) |
| 4:09 | Queue | Villager (Male) |
| 4:10 | Queue | Villager (Male) |
| 4:35 | Queue | Villager (Male) |
| 4:35 | Queue | Villager (Male) |
| 4:43 | Queue | Villager (Male) |
| 5:04 | Build | Lumber Camp |
| 5:07 | Build | House |
| 5:30 | Build | Mill |
| 6:48 | Build | House |
| 7:11 | Queue | Villager (Male) |
| 7:49 | Queue | Villager (Male) |
| 7:54 | Research | Feudal Age |
| 8:39 | Build | House |
| 9:28 | Queue | Villager (Male) |
| 9:58 | Age | Feudal Age |
| 10:14 | Queue | Villager (Male) |
| 10:16 | Research | Double-Bit Axe |
| 10:57 | Build | Town Center |
| 11:04 | Build | Town Center |
| 11:45 | Queue | Villager (Male) |
| 11:45 | Queue | Villager (Male) |
| 12:11 | Queue | Villager (Male) |
| 12:44 | Queue | Villager (Male) |
| 13:03 | Queue | Villager (Male) |
| 13:19 | Build | Lumber Camp |
| 13:21 | Queue | Villager (Male) |
| 13:52 | Build | House |
| 13:59 | Queue | Villager (Male) |
| 13:59 | Queue | Villager (Male) |
| 14:05 | Build | Barracks |
| 14:19 | Build | Market |
| 14:35 | Queue | Villager (Male) |
| 15:08 | Build | Lumber Camp |
| 15:13 | Queue | Villager (Male) |
| 15:25 | Build | Blacksmith |
| 15:32 | Queue | Villager (Male) |
| 16:02 | Queue | Villager (Male) |
| 16:03 | Queue | Villager (Male) |
| 16:58 | Research | Castle Age |
| 18:45 | Build | House |
| 18:47 | Queue | Villager (Male) |
| 19:22 | Age | Castle Age |
| 19:42 | Build | Town Center |
| 19:48 | Queue | Villager (Male) |
| 19:55 | Build | House |
| 20:06 | Build | House |
| 20:26 | Queue | Villager (Male) |
| 20:26 | Queue | Villager (Male) |
| 20:35 | Queue | Villager (Male) |
| 20:35 | Queue | Villager (Male) |
| 21:06 | Build | House |
| 21:08 | Build | House |
| 21:38 | Queue | Villager (Male) |
| 21:38 | Queue | Villager (Male) |
| 21:59 | Build | Farm |
| 22:01 | Build | Farm |
| 22:03 | Build | Farm |
| 22:06 | Build | Farm |
| 22:14 | Queue | Villager (Male) |
| 22:14 | Queue | Villager (Male) |
| 22:59 | Queue | Villager (Male) |
| 23:04 | Build | Farm |
| 23:07 | Build | Farm |
| 23:10 | Build | Farm |
| 23:24 | Queue | Villager (Male) |
| 23:24 | Queue | Villager (Male) |
| 24:16 | Queue | Villager (Male) |
| 24:19 | Build | House |
| 24:21 | Build | House |
| 24:32 | Build | Outpost |
| 24:52 | Queue | Villager (Male) |
| 25:04 | Build | Town Center |
| 25:21 | Build | House |
| 25:23 | Build | House |
| 25:37 | Queue | Villager (Male) |
| 25:38 | Queue | Villager (Male) |
| 26:00 | Queue | Villager (Male) |
| 26:01 | Queue | Villager (Male) |
| 26:05 | Build | Farm |
| 26:21 | Queue | Trade Cart |
| 26:23 | Queue | Villager (Male) |
| 26:49 | Build | Mining Camp |
| 26:56 | Queue | Villager (Male) |
| 26:56 | Queue | Villager (Male) |
| 26:59 | Build | Farm |
| 27:35 | Queue | Villager (Male) |
| 27:35 | Queue | Villager (Male) |
| 28:06 | Queue | Villager (Male) |
| 28:18 | Build | Castle |
| 28:25 | Build | Farm |
| 28:32 | Queue | Villager (Male) |
| 28:36 | Build | Farm |
| 28:52 | Build | Mining Camp |
| 28:59 | Queue | Villager (Male) |
| 29:25 | Queue | Villager (Male) |
| 29:25 | Queue | Villager (Male) |
| 29:37 | Build | Farm |
| 29:39 | Build | Farm |
| 29:40 | Build | Farm |
| 29:44 | Queue | Villager (Male) |
| 29:44 | Queue | Villager (Male) |
| 29:44 | Queue | Villager (Male) |
| 30:13 | Queue | Villager (Male) |
| 30:13 | Queue | Villager (Male) |
| 30:24 | Build | Siege Workshop |
| 30:27 | Queue | Villager (Male) |
| 30:36 | Queue | Villager (Male) |
| 30:57 | Research | Bow Saw |
| 30:57 | Research | Bow Saw |
| 31:02 | Build | Farm |
| 31:11 | Queue | Villager (Male) |
| 31:11 | Queue | Villager (Male) |
| 31:20 | Queue | Mangonel |
| 31:20 | Queue | Mangonel |
| 31:34 | Build | Farm |
| 31:36 | Build | Farm |
| 31:37 | Queue | Villager (Male) |
| 31:38 | Queue | Villager (Male) |
| 31:39 | Queue | Villager (Male) |
| 32:04 | Build | Farm |
| 32:06 | Build | Farm |
Match timeline
| 2:20 | koljasch · wall_segment Palisade Wall x1 |
| 2:21 | koljasch · wall_segment Palisade Wall x1 |
| 2:30 | koljasch · wall_segment Palisade Wall x1 |
| 2:34 | koljasch · wall_segment Palisade Wall x1 |
| 2:37 | koljasch · wall_segment Palisade Wall x1 |
| 6:51 | Marta · first_building Barracks |
| 9:58 | koljasch · age_up feudal |
| 10:26 | Marta · age_up feudal |
| 12:04 | Marta · first_building Archery Range |
| 14:05 | koljasch · first_building Barracks |
| 15:11 | Marta · first_building Stable |
| 15:15 | koljasch · first_market_buy 100 food |
| 16:13 | koljasch · first_market_sell 100 wood |
| 19:22 | koljasch · age_up castle |
| 20:28 | Marta · first_market_sell 100 wood |
| 20:30 | Marta · first_market_buy 100 food |
| 23:54 | Marta · age_up castle |
| 24:06 | Marta · first_building Siege Workshop |
| 28:18 | koljasch · first_building Castle |
| 29:46 | Marta · first_building Monastery |
| 30:24 | koljasch · first_building Siege Workshop |
| 41:45 | Marta · first_building Castle |
| 42:51 | koljasch · wall_segment Palisade Wall x1 |
| 43:13 | koljasch · first_building Monastery |
| 44:10 | Marta · age_up imperial |
| 48:08 | koljasch · age_up imperial |
| 51:03 | Marta · wall_segment Stone Wall x3 |
| 51:07 | Marta · wall_segment Stone Wall x3 |
| 51:15 | Marta · wall_segment Stone Wall x1 |
| 51:32 | Marta · wall_segment Stone Wall x1 |
| 53:46 | koljasch · resign |
[ AI ANALYSIS · 1 CREDIT ]
What really happened in this match?
Wolo.gg analyzes every decision: build order, eco, micro, common mistakes by bracket. Personalized analysis on WhatsApp or Discord in 30 seconds.
Civ guide
Jurchens
Perfil
Jugador #20521965